 Dungeon Sprint DCSS version 0.23.1 (webtiles) character file.

Game seed: 6189937634905094151

1953 wilfster70 the Cleaver (level 9, 0/129 HPs)
             Began as a Hill Orc Fighter on Mar 15, 2019.
             Was a High Priest of Beogh.
             Slain by a fire bat (3 damage)
             ... in the Dungeon (Sprint VII: "The Pits").
             The game lasted 00:10:42 (1404 turns).

wilfster70 the Cleaver (Hill Orc Fighter)           Turns: 1404, Time: 00:10:43

Health: 0/129      AC: 18    Str: 30    XL:     9   Next: 19%
Magic:  13/16      EV: 10    Int:  8    God:    Beogh [*****.]
Gold:   0          SH: 12    Dex: 10    Spells: 8/8 levels left

rFire    . . .     SeeInvis .   a - +1 broad axe (chop)
rCold    . . .     Gourm    .   c - +0 shield
rNeg     . . .     Faith    .   t - +3 plate armour
rPois    .         Spirit   .   s - +0 helmet
rElec    .         Reflect  .   (no cloak)
rCorr    .         Harm     .   (no gloves)
MR       .....     NoTele   +   (no boots)
Stlth    ..........             (no amulet)
HPRegen  0.31/turn              p - +3 ring of evasion
MPRegen  0.15/turn              g - +3 ring of strength

@: berserking, very quick
A: walk on water
a: Smiting, Recall Orcish Followers, Give Item to Named Follower, Renounce
Religion


You were in the Dungeon.
You worshipped Beogh.
Beogh was extremely pleased with you.
You were hungry.

You visited 1 branch

Inventory:

Hand Weapons
 a - a +1 broad axe of chopping (weapon)
 b - a +2 morningstar of crushing
Armour
 c - a +0 shield (worn)
 s - a +0 helmet (worn)
 t - a +3 plate armour (worn)
Jewellery
 g - a +3 ring of strength (right hand)
 p - a +3 ring of evasion (left hand)
Scrolls
 k - a scroll of blinking
 m - 3 scrolls of remove curse
 n - 5 scrolls of amnesia
 o - a scroll of summoning
Potions
 d - 3 potions of might
 e - 9 potions of curing
 h - 2 potions of haste
 i - 4 potions of magic
 j - a potion of berserk rage
 l - 2 potions of invisibility
 q - a potion of agility
 r - a potion of resistance
Comestibles
 f - 9 rations


   Skills:
 + Level 10.5 Fighting
 * Level 14.9 Axes
 + Level 9.7 Armour
 + Level 9.7 Shields
 + Level 10.3 Invocations


You had 8 spell levels left.
You didn't know any spells.
Your spell library was empty.

Dungeon Overview and Level Annotations

Branches:
Dungeon (1/1)

Altars:
Ashenzari
Cheibriados
Dithmenos
Elyvilon
Fedhas
Gozag
Hepliaklqana
Kikubaaqudgha
Makhleb
Nemelex Xobeh
Okawaru
Qazlal
Ru
Sif Muna
Trog
Uskayaw
Vehumet
Wu Jian
Xom
Yredelemnul
Zin
The Shining One
Beogh
Jiyva
Lugonu


Message History

The deep troll bites you but does no damage.
You block the deep troll's attack.
The deep troll claws you but does no damage.
You slice the deep troll!!
You kill the deep troll!
Beogh accepts your kill.
Your Fighting skill increases to level 10!
Your Invocations skill increases to level 10!
You have reached level 9!
Your experience leads to an increase in your attributes!
Your base attributes are Str 21, Int 8, Dex 10.
Increase (S)trength, (I)ntelligence, or (D)exterity?
You feel stronger. The fire bat closely misses you.
You barely miss the fire bat. You block the fire bat's attack.
You closely miss the fire bat. The fire bat barely misses you.
You slash the fire bat!
The fire bat is heavily wounded.
The fire bat bites you.
You die...

....'................+
#####......#..#......#
#..##................#
)..#####'#####''#####
#'###.......##''#
)..##.......##..##
...##.......##...##
#####...<...###...##+##.
)[.##.......# ##@.......
)[.##.......# #.b###+###
#####.......##..##
#..###########..
#.############..
#.#....#..[[###.
#)#....#...[# ##
#.'....'...)#
#'#....#..))#


You could see a fire bat.

Vanquished Creatures
  A deep troll (D)
  2 smoke demons (D)
  A redback (D)
  Menkaure (D)
  A porcupine (D)
  A floating eye (D)
  A black bear (D)
  An ogre (D)
  A necrophage (D)
  A scorpion (D)
  A wight (D)
  A crimson imp (D)
  A gnoll shaman (D)
  2 worker ants (D)
  5 gnolls (D)
  A white imp (D)
  A bat skeleton (D)
  A bat zombie (D)
  A giant cockroach zombie (D)
  2 kobolds (D)
  A leopard gecko zombie (D)
28 creatures vanquished.

Vanquished Creatures (others)
  A deep troll (D)
1 creature vanquished.

Grand Total: 29 creatures vanquished

Notes
Turn   | Place    | Note
-------+----------+-------------------------------------------
     0 | D        | wilfster70 the Hill Orc Fighter began the quest for the
                  | Orb.
     0 | D        | Reached XP level 1. HP: 19/19 MP: 1/1
    11 | D        | Reached skill level 3 in Axes
    15 | D        | Found a bloodstained altar of Trog.
    15 | D        | Found a deep blue altar of Sif Muna.
    15 | D        | Found a viscous altar of Jiyva.
    15 | D        | Found a hazy altar of Hepliaklqana.
    15 | D        | Found an opulent altar of Gozag.
    16 | D        | Found a glowing golden altar of the Shining One.
    16 | D        | Found a glowing silver altar of Zin.
    16 | D        | Found a basalt altar of Yredelemnul.
    16 | D        | Found a shimmering altar of Xom.
    16 | D        | Found an ornate altar of the Wu Jian Council.
    16 | D        | Found a sacrificial altar of Ru.
    16 | D        | Found a stormy altar of Qazlal.
    16 | D        | Found an iron altar of Okawaru.
    16 | D        | Found a sparkling altar of Nemelex Xobeh.
    16 | D        | Found a burning altar of Makhleb.
    16 | D        | Found a blossoming altar of Fedhas.
    16 | D        | Found a white marble altar of Elyvilon.
    16 | D        | Found a shadowy altar of Dithmenos.
    16 | D        | Found a snail-covered altar of Cheibriados.
    17 | D        | Found a radiant altar of Vehumet.
    17 | D        | Found a corrupted altar of Lugonu.
    17 | D        | Found a roughly hewn altar of Beogh.
    18 | D        | Found an ancient bone altar of Kikubaaqudgha.
    18 | D        | Found a hide-covered altar of Uskayaw.
    18 | D        | Found a shattered altar of Ashenzari.
    25 | D        | Became a worshipper of Beogh the Brigand
    63 | D        | Reached skill level 4 in Axes
    63 | D        | Reached XP level 2. HP: 25/27 MP: 2/2
    88 | D        | Reached * piety under Beogh
    88 | D        | Reached skill level 5 in Axes
   150 | D        | Reached XP level 3. HP: 28/34 MP: 3/3
   150 | D        | Reached ** piety under Beogh
   150 | D        | Reached skill level 1 in Invocations
   156 | D        | Reached skill level 5 in Fighting
   156 | D        | Reached skill level 6 in Axes
   187 | D        | HP: 1/36 [poisoned by a worker ant]
   484 | D        | Reached XP level 4. HP: 34/42 MP: 0/5
   572 | D        | Killed a deep troll
   675 | D        | Noticed Menkaure
   676 | D        | Noticed a necrophage
   676 | D        | Noticed a floating eye
   677 | D        | Noticed an ogre
   688 | D        | Killed an ogre
   688 | D        | Reached *** piety under Beogh
   688 | D        | Reached skill level 7 in Axes
   688 | D        | Reached skill level 5 in Armour
   688 | D        | Reached skill level 5 in Shields
   689 | D        | Reached skill level 8 in Axes
   689 | D        | Reached XP level 5. HP: 49/50 MP: 5/8
   694 | D        | Paralysed by a floating eye for 4 turns
   695 | D        | HP: 2/72 [necrophage (4)]
   698 | D        | Killed a necrophage
   698 | D        | Reached skill level 9 in Axes
   698 | D        | Reached skill level 5 in Invocations
   698 | D        | Reached XP level 6. HP: 3/56 MP: 5/9
   701 | D        | Killed a floating eye
   701 | D        | Reached **** piety under Beogh
   708 | D        | Killed Menkaure
   708 | D        | Reached skill level 11 in Axes
   955 | D        | Noticed a smoke demon
   960 | D        | Killed a smoke demon
   960 | D        | Reached skill level 12 in Axes
   960 | D        | Reached XP level 7. HP: 66/69 MP: 10/13
   968 | D        | Reached ***** piety under Beogh
   978 | D        | Reached XP level 8. HP: 58/78 MP: 12/14
  1067 | D        | Noticed a redback
  1067 | D        | Noticed a smoke demon
  1077 | D        | Killed a redback
  1077 | D        | Reached skill level 13 in Axes
  1082 | D        | HP: 2/78 [smoke demon/ball of steam (26)]
  1085 | D        | Killed a smoke demon
  1092 | D        | Reached skill level 14 in Axes
  1392 | D        | Noticed a deep troll
  1398 | D        | HP: 2/118 [deep troll (12)]
  1401 | D        | Killed a deep troll
  1401 | D        | Reached skill level 10 in Fighting
  1401 | D        | Reached skill level 10 in Invocations
  1401 | D        | Reached XP level 9. HP: 2/86 MP: 12/16
  1404 | D        | Slain by a fire bat

Skill      XL: |  1  2  3  4  5  6  7  8 |
---------------+-------------------------+-----
Axes           | 4 5 6 8 9 12 14 | 14.9
Fighting       | 4 5 6 8 9 10 | 10.5
Armour         | 4 5 6 8 9 |  9.7
Shields        | 4 5 6 8 9 |  9.7
Invocations    | 2 4 5 8 10 | 10.3

Action                   |  1- 3 |  4- 6 |  7- 9 || total
-------------------------+-------+-------+-------++-------
Melee: War axe           |    23 |    29 |    38 ||    90
       Broad axe         |       |       |    10 ||    10
Invok: Smiting           |       |     1 |     2 ||     3
  Use: Potion            |       |     5 |     4 ||     9
  Eat: Chunk             |       |       |     1 ||     1
Armor: Scale mail        |    12 |     1 |       ||    13
       Chain mail        |       |    13 |    15 ||    28
       Plate armour      |       |       |    10 ||    10
Dodge: Dodged            |     8 |     3 |    11 ||    22
Block: Shield            |    15 |    11 |    32 ||    58
